 Dungeon Crawl Stone Soup version 0.30-b1-2-g02819fbbbe (webtiles) character file.

Game seed: 6373622233859754707

4 MajorAdolf the Gusty (level 1, -12/18 HPs)
             Began as a Naga Wanderer on Sept 21, 2023.
             Killed by an exploding quokka (21 damage)
             ... ignited by their inner flame
             ... on level 1 of the Dungeon.
             The game lasted 00:00:41 (253 turns).

MajorAdolf the Gusty (Naga Wanderer)                 Turns: 253, Time: 00:00:42

Health: -12/18     AC:  1    Str: 12    XL:     1   Next: 60%
Magic:  2/2        EV:  9    Int: 17    God:
Gold:   0          SH:  0    Dex:  7    Spells: 1/2 levels left

rFire   . . .        a - +0 dagger
rCold   . . .        (no shield)
rNeg    . . .        d - +0 robe
rPois   +            (no helmet)
rElec   .            (no cloak)
rCorr   .            (no gloves)
SInv    +            (no barding)
Will    .....        (no amulet)
Stlth   +            (no ring)
HPRegen 0.23/turn    (no ring)
MPRegen 0.08/turn

%: no passive effects
@: short of breath, very slow
A: AC +0, large, see invisible, deformed body, poison resistance, slowness 2,
spit poison 1, naga tail 1
a: Spit Poison


You were on level 1 of the Dungeon.
You visited 1 branch of the dungeon, and saw 1 of its levels.

Inventory:

Hand Weapons
 a - a +0 dagger (weapon)
Missiles
 b - 10 boomerangs (quivered)
Armour
 d - a +0 robe (worn)
Potions
 c - a potion of heal wounds
 e - a potion of cancellation {unknown}


   Skills:
 - Level 1.0 Fighting
 - Level 1.7 Throwing
 - Level 1.0 Spellcasting
 - Level 4.0 Air Magic
 + Level 2.2 Poison Magic
 - Level 1.0 Evocations


You had one spell level left.
You knew the following spells:

 Your Spells              Type           Power      Damage    Failure   Level
a - Shock                 Conj/Air       28%        1d4       10%         1

Your spell library contained the following spells:

 Spells                   Type           Power      Damage    Failure   Level
 Poisonous Vapours        Pois/Air       22%        N/A       9%          2
 Cigotuvi's Dreadful Rot  Necr/Pois/Air  14%        N/A       14%         2
 Vhi's Electric Charge    Tloc/Air       14%        N/A       28%         3


Dungeon Overview and Level Annotations

Branches:
Dungeon (1/15)

Altars:


Innate Abilities, Weirdness & Mutations

Your serpentine skin is tough. (AC +0)
You have supernaturally acute eyesight. (SInv)
Armour fits poorly on your strangely shaped body.
Your system is resistant to poisons. (rPois)
You cover ground very slowly.
You can spit poison.
You have a snake-like lower body.


Message History

Unknown command.
You hit the quokka.
The quokka is lightly wounded.
The quokka bites you.
You closely miss the quokka.
The quokka is lightly wounded.
The quokka bites you. The quokka closely misses you.
You barely miss the quokka.
The quokka is lightly wounded.
The quokka completely misses you.
You miss the quokka.
The quokka is lightly wounded.
The quokka bites you.
You barely miss the quokka.
The quokka is lightly wounded.
The quokka barely misses you.
Okay, then.
Okay, then.
Okay, then.
As you read the scroll labelled MEMNIO KUFF, it crumbles to dust.
The creatures around you are filled with an inner flame!
It was a scroll of immolation.
You have got your breath back.
The quokka barely misses you.
The rat twitches its whiskers.
Unknown command.
Aiming: Spit Poison (3% risk of failure)
Press: ? - help, Shift-Dir - straight line, f/p - kobold
Aim: a kobold, wielding a +0 whip (inner flame, 43% to hit)
The splash of poison hits the quokka.
The quokka is poisoned.
Flame seeps out of the quokka.
The quokka is moderately wounded.
Flame seeps out of the quokka.
The quokka is engulfed in blazing flames.
The quokka explodes!
The fiery explosion engulfs the kobold!!
The fiery explosion engulfs the kobold!!!
The fiery explosion engulfs you!!
Ouch! That really hurt!
You die...

.r.... #).##.####.##.#
......##.......#.##.##
#....##.#..#.###.#..# #
###....###.≈≈#.#.§###.#
#.#.......##..#.#.##.#..#
........)#.###.##≈.#..<#
#.......#.# #.# ####### .
###.......w§###.############..
#.........r§○@................
........##################..##
#.......# ..## #........ ....
#...r....r .g.... ........#.r
........ ....w...#..#
......... .....##.#...
.#......(. ..... #.# ##.


You could see a dart slug (inner flame) and a rat (inner flame).

Vanquished Creatures
  A hobgoblin (D:1)
  A quokka (D:1)
  A ball python (D:1)
  3 kobolds (D:1)
  2 rats (D:1)
8 creatures vanquished.

Notes
Turn   | Place    | Note
-------+----------+-------------------------------------------
     0 | D:1      | MajorAdolf the Naga Wanderer began the quest for the Orb.
     0 | D:1      | MajorAdolf set off with the following items: a +0 dagger,
                  | 10 boomerangs, a potion of heal wounds, a +0 robe; and the
                  | following spell memorised: Shock; and the following spells
                  | available to memorise: Poisonous Vapours, Cigotuvi's
                  | Dreadful Rot, Vhi's Electric Charge.
     0 | D:1      | Reached XP level 1. HP: 18/18 MP: 2/2
   253 | D:1      | Killed by an exploding quokka... ignited by their inner
                  | flame

Illustrated notes

Levels and vault maps discovered:
D:1:      dpeg_arrival_brainrot, layout_basic, basic_ecumenical_altar,
          minmay_pentomino_u2

Skill      XL: |  1 |
---------------+----+-----
Poison Magic   | 2 |  2.2
Fighting       | |  1.0
Throwing       | |  1.7
Spellcasting   | |  1.0
Air Magic      | |  4.0
Evocations     | |  1.0

Action                     || total
---------------------------++-------
  Melee: Dagger            ||     5
  Throw: Boomerang         ||     1
Ability: Spit Poison       ||     9
    Use: Scroll            ||     1
 Armour: Robe              ||     3
  Dodge: Dodged            ||    12
